 Dungeon Crawl Stone Soup version 0.17-a0-1186-gbffdd7f (webtiles) character file.

228 AnnoyedKobold the Nimble (level 5, -2/25 HPs)
             Began as a Spriggan Assassin on June 1, 2015.
             Slain by a worker ant (8 damage)
             ... on level 4 of the Dungeon.
             The game lasted 00:07:52 (4079 turns).

AnnoyedKobold the Nimble (Spriggan Assassin)        Turns: 4079, Time: 00:07:52

Health: -2/25      AC:  3    Str:  7    XL:     5   Next: 70%
Magic:  6/6        EV: 25    Int: 12    God:
Gold:   219        SH:  0    Dex: 19    Spells: 0 memorised, 4 levels left

rFire  . . .     SeeInvis +     v - -1 dagger (curse)
rCold  . . .     Clarity  .     c - +0 robe
rNeg   . . .     SustAt   .     (shield restricted)
rPois  .         Gourm    .     (helmet restricted)
rElec  .         Spirit   .     d - +0 cloak
rCorr  .         Warding  .     (gloves unavailable)
rMut   .         Stasis   .     (boots unavailable)
MR     +....                    (no amulet)
Stlth  ++++......               (no ring)
                                t - ring of protection from magic

@: lethally poisoned (-2 -> -5), very quick, somewhat resistant to hostile
enchantments, stealthy
A: unfitting armour, see invisible, herbivore 3, speed 3, slow metabolism 2
a: no special abilities


You were on level 4 of the Dungeon.
You were hungry.

You visited 1 branch of the dungeon, and saw 4 of its levels.

You collected 219 gold pieces.

Inventory:

Hand weapons
 a - a +2 dagger
 b - a +0 blowgun
 v - a cursed -1 dagger (weapon)
Missiles
 e - 46 poisoned needles
 f - 2 curare-tipped needles
Armour
 c - a +0 robe (worn)
 d - a +0 cloak (worn)
Jewellery
 t - a ring of protection from magic (left hand)
Magical devices
 p - a wand of slowing (7)
 s - a wand of teleportation (1)
Scrolls
 j - a scroll of blinking {unknown}
 l - a scroll of fog {unknown}
 n - a scroll of recharging {unknown}
 o - a scroll of random uselessness
 u - a scroll of immolation {unknown}
 w - a scroll of remove curse {unknown}
Potions
 k - 3 potions of heal wounds
 m - 2 potions of curing
 q - a potion of lignification
 r - a potion of brilliance
Comestibles
 g - 3 bread rations
 i - 2 fruits


   Skills:
 - Level 1.5 Fighting
 - Level 2.1 Throwing
 + Level 8.3 Dodging
 - Level 5.8 Stealth


You had 4 spell levels left.
You didn't know any spells.

Dungeon Overview and Level Annotations

Branches:
Dungeon (4/15)
 Temple: D:4-7

Altars:
Nemelex Xobeh
Qazlal


Innate Abilities, Weirdness & Mutations

You are tiny and cannot use many weapons and most armour.
You have supernaturally acute eyesight.
You are a herbivore.
You cover ground extremely quickly.
You need consume almost no food.


Message History

You hit the worker ant but do no damage.
The worker ant bites you.
You are poisoned.
The worker ant poisons you!
The worker ant bites you but does no damage.
You feel sick.
You feel sick.
The worker ant waves its antennae.
You feel sick.
You see here 11 gold pieces.
A bat comes into view.
Found a stone staircase leading down.
You feel sick.
You found a teleport trap!
The bat barely misses you.
An ogre comes into view. It is wielding a giant club.
The bat completely misses you. The bat barely misses you.
The worker ant completely misses you. The bat closely misses you.
You feel sick. The worker ant bites you!
You die...

##### #
#>...######.#
##.#....^....####
.......@b.........
.###.#.aa........O
##+#..#########.
#...$........#
+............#
#............#
#............#
#............#
#..?.........#


You could see 2 worker ants and a bat.

Vanquished Creatures
  A hound (D:4)
  A worker ant (D:4)
  Natasha (thrice) (D:3)
  Robin (D:2)
  5 adders
  3 oozes
  2 worms (D:2)
  An orc (D:4)
  2 ball pythons
  13 bats
  2 giant cockroaches (D:2)
  9 hobgoblins
  4 jackals (D:2)
  A quokka (D:3)
  A giant gecko skeleton (D:4)
  2 giant newts (D:2)
  12 goblins
  A kobold (D:4)
  7 rats
71 creatures vanquished.

Notes
Turn   | Place    | Note
--------------------------------------------------------------
     0 | D:1      | AnnoyedKobold the Spriggan Assassin began the quest for the Orb.
     0 | D:1      | Reached XP level 1. HP: 10/10 MP: 2/2
   805 | D:2      | Reached XP level 2. HP: 14/14 MP: 3/3
   896 | D:2      | Reached XP level 3. HP: 18/18 MP: 4/4
  1274 | D:2      | Noticed Robin
  1284 | D:2      | Reached skill level 5 in Dodging
  1636 | D:2      | Killed Robin
  1636 | D:2      | Reached XP level 4. HP: 8/22 MP: 5/5
  1919 | D:2      | Reached skill level 6 in Dodging
  2643 | D:3      | Found a sparkling altar of Nemelex Xobeh.
  2645 | D:3      | Found a stormy altar of Qazlal.
  2667 | D:3      | Found a sparkling altar of Nemelex Xobeh.
  2669 | D:3      | Noticed Natasha
  2677 | D:3      | Killed Natasha
  2682 | D:3      | Reached skill level 7 in Dodging
  2889 | D:3      | Reached XP level 5. HP: 20/25 MP: 6/6
  3132 | D:3      | Noticed Natasha
  3141 | D:3      | Killed Natasha
  3535 | D:3      | Noticed Natasha
  3548 | D:3      | Killed Natasha
  3703 | D:4      | Reached skill level 8 in Dodging
  4076 | D:4      | Noticed an ogre
  4079 | D:4      | Slain by a worker ant

Vault maps used:
D:1:      mrwooster_arrival_statue, supply_closet_lemuel, kennysheep_crisscross,
          hangedman_decor_growths
D:2:      uniq_robin
D:3:      nicolae_overflow_hidden_temple, nemelex_deck, uniq_natasha

Action                   |  1- 3 |  4- 6 || total
-------------------------+-------+-------++-------
Melee: Dagger            |   103 |   133 ||   236
 Fire: Blowgun           |     6 |     4 ||    10
  Use: Scroll            |     3 |     4 ||     7
 Stab: Sleeping          |    10 |    11 ||    21
       Distracted        |       |     1 ||     1
